 Dungeon Crawl Stone Soup version 0.18.1-8-gdd0e5ea (webtiles) character file.

7486 nikopol the Spear-Bearer (level 10, -3/94 HPs)
             Began as a Minotaur Berserker on June 10, 2016.
             Was a High Priest of Trog.
             Slain by a soldier ant (8 damage)
             ... on level 9 of the Dungeon.
             The game lasted 00:22:02 (10951 turns).

nikopol the Spear-Bearer (Minotaur Berserker)      Turns: 10951, Time: 00:22:02

Health: -3/94      AC: 12    Str: 21    XL:     10   Next: 94%
Magic:  9/9        EV: 15    Int:  4    God:    Trog [*****.]
Gold:   501        SH:  0    Dex: 14    Spells: 0 memorised, 9 levels left

rFire  . . .     SeeInvis .     x - +4 trident
rCold  . . .     Gourm    +     h - +0 scale mail
rNeg   . . .     Faith    .     (no shield)
rPois  .         Spirit   .     (helmet restricted)
rElec  .         Dismiss  .     w - +1 cloak
rCorr  .         Reflect  .     (no gloves)
SustAt .         Harm     .     L - +0 pair of boots
MR     ++...                    N - amulet of the gourmand
Stlth  ..........               (no ring)
                                M - ring of loudness (curse)

@: lethally poisoned (-3 -> -3), exhausted, regenerating, slowed, very slow,
very resistant to hostile enchantments, extremely unstealthy
A: retaliatory headbutt, horns 2
a: Berserk, Trog's Hand, Brothers in Arms, Burn Spellbooks, Renounce Religion


You were on level 9 of the Dungeon.
You worshipped Trog.
Trog was extremely pleased with you.
You were very full.

You visited 1 branch of the dungeon, and saw 9 of its levels.
You also visited: Ossuary.

You collected 501 gold pieces.

Inventory:

Hand Weapons
 a - a +0 spear
 c - a +0 shortbow
 x - a +4 trident (weapon)
Missiles
 v - 112 arrows
Armour
 b - a +0 animal skin
 h - a +0 scale mail (worn)
 w - a +1 cloak (worn)
 L - a +0 pair of boots (worn)
Rods
 J - a -2 iron rod (10/10)
   (You found it on level 7 of the Dungeon)
Jewellery
 M - a cursed ring of loudness (left hand)
 N - an amulet of the gourmand (around neck)
Wands
 l - a wand of lightning (5/15)
 B - a wand of paralysis (14/24)
 I - a wand of paralysis (9/24)
 Q - a wand of digging (12/24)
Scrolls
 g - 3 scrolls of recharging
 i - 12 scrolls of identify
 m - 3 scrolls of enchant armour
 r - 4 scrolls of remove curse
 u - 5 scrolls of teleportation {unknown}
 y - 3 scrolls of fog {unknown}
 C - a scroll of random uselessness {unknown}
 D - a scroll of magic mapping {unknown}
 E - a scroll of blinking {unknown}
 F - 4 scrolls of enchant weapon {unknown}
 K - a scroll of brand weapon {unknown}
Potions
 d - 2 potions of resistance {unknown}
 e - a potion of lignification {unknown}
 f - 6 potions of curing
 k - a potion of brilliance {unknown}
 n - 3 potions of flight {unknown}
 o - 3 potions of berserk rage {unknown}
 p - a potion of haste {unknown}
 q - 3 potions of cure mutation {unknown}
 s - 2 potions of might {unknown}
 z - 3 potions of agility {unknown}
 A - a potion of degeneration {unknown}
 O - 2 potions of heal wounds {unknown}
 P - a potion of magic {unknown}
Comestibles
 j - 2 meat rations
 t - 5 fruits
 G - 6 bread rations
 H - 7 beef jerkies
 R - 2 chunks of flesh


   Skills:
 + Level 10.3 Fighting
 * Level 10.9 Polearms
 * Level 4.3 Bows
 + Level 9.7 Armour
 + Level 9.2 Dodging


You had 9 spell levels left.
You didn't know any spells.

Dungeon Overview and Level Annotations

Branches:
Dungeon (9/15)             Temple (0/1) D:4
   Lair: D:8-11         Orc: D:9-12

Altars:
Cheibriados
Dithmenos
Elyvilon
Fedhas
Kikubaaqudgha
Nemelex Xobeh
Okawaru
Pakellas
Sif Muna
Trog
Vehumet
Xom
The Shining One

Shops:
D:4 ?   D:6 %


Innate Abilities, Weirdness & Mutations

You reflexively headbutt those who attack you in melee.
You have a pair of horns on your head.


Message History

You feel sick. The soldier ant barely misses you.
You barely miss the soldier ant.
The soldier ant is heavily wounded.
* * * LOW HITPOINT WARNING * * *
You feel sick.
The soldier ant stings you but does no damage.
You barely miss the soldier ant.
The soldier ant is heavily wounded.
* * * LOW HITPOINT WARNING * * *
You feel sick. The soldier ant barely misses you.
You hit the soldier ant but do no damage.
You headbutt the soldier ant.
The soldier ant is severely wounded.
* * * LOW HITPOINT WARNING * * *
You feel sick. The soldier ant barely misses you. You furiously retaliate!
You headbutt the soldier ant!
Your skin crawls.
You feel resistant to hostile enchantments.
You feel slightly less full.
You feel sick. The soldier ant stings you!
You die...

#.# #.........####### #.#
##...............
#§#####........########..
#§#.....>................
.§#.#######....#.##.#....
###.# #...#####.# . ..#.#
#...###.(## #+#.#
#..#†.....## <...#
#..##.@a...# ....#
#...#......# ....#
##.###....#?# ).#.# #.#
....## .##.# #.. #####
....# #. .)..# ....#
....#


You could see a soldier ant.

Vanquished Creatures
  A queen ant (D:9)
  Prince Ribbit (D:9)
  Grinder (D:3)
  Sigmund (D:5)
  Menkaure (D:5)
  A hippogriff (D:8)
  15 soldier ants
  A water moccasin (D:6)
  Duvessa (D:5)
  2 orc warriors
  A sky beast (D:7)
  6 ogres
  2 black bears
  A centaur (D:7)
  A crocodile (D:9)
  6 giant frogs
  2 big kobolds
  A gnoll sergeant (D:8)
  Dowan (D:5)
  5 water moccasin zombies (Ossuary)
  2 scorpions
  5 wights (D:8)
  4 killer bees (D:7)
  A howler monkey (D:5)
  5 crimson imps
  A hound (D:7)
  2 jellies
  Crazy Yiuf (D:3)
  A giant frog skeleton (D:7)
  3 orc priests
  8 orc wizards
  Natasha (thrice) (D:3)
  2 iguanas
  17 worker ants
  3 big kobold zombies (Ossuary)
  A hound skeleton (D:5)
  3 mummies
  A worker ant zombie (D:5)
  14 gnolls
  8 adders
  An ooze (D:2)
  3 adder zombies
  3 adder skeletons
  3 worms
  A dart slug (D:3)
  7 giant geckos
  35 orcs
  6 giant cockroaches
  6 gnoll zombies (Ossuary)
  8 goblins
  6 hobgoblins
  6 jackals
  16 kobolds
  4 quokkas
  A ball python (D:1)
  6 bats
  3 giant newts
  3 hobgoblin zombies (Ossuary)
  4 kobold zombies (Ossuary)
  5 orc zombies (Ossuary)
  2 quokka skeletons
  12 rats
  A fungus (D:3)
278 creatures vanquished.

Vanquished Creatures (others)
  A big kobold (D:9)
  2 kobolds (D:9)
3 creatures vanquished.

Grand Total: 281 creatures vanquished

Notes
Turn   | Place    | Note
--------------------------------------------------------------
     0 | D:1      | nikopol the Minotaur Berserker began the quest for the Orb.
     0 | D:1      | Reached XP level 1. HP: 19/19 MP: 0/0
   205 | D:1      | Reached XP level 2. HP: 27/27 MP: 1/1
   757 | D:1      | Reached ** piety under Trog
   779 | D:1      | Reached XP level 3. HP: 20/33 MP: 2/2
  1271 | D:2      | Reached XP level 4. HP: 35/41 MP: 3/3
  1801 | D:3      | Reached *** piety under Trog
  1803 | D:3      | Found a snail-covered altar of Cheibriados.
  1871 | D:3      | Noticed Natasha
  1886 | D:3      | Killed Natasha
  1886 | D:3      | Reached XP level 5. HP: 25/47 MP: 4/4
  1900 | D:3      | Noticed Natasha
  1907 | D:3      | Killed Natasha
  2116 | D:3      | Reached skill level 5 in Fighting
  2255 | D:3      | Noticed Natasha
  2259 | D:3      | Killed Natasha
  2259 | D:3      | Reached skill level 5 in Polearms
  2295 | D:3      | Noticed Grinder
  2309 | D:3      | Paralysed by Grinder for 5 turns
  2319 | D:3      | Killed Grinder
  2319 | D:3      | Reached XP level 6. HP: 10/56 MP: 5/5
  2710 | D:3      | Noticed Crazy Yiuf
  2714 | D:3      | Killed Crazy Yiuf
  2750 | D:3      | Reached skill level 5 in Armour
  2750 | D:3      | Reached XP level 7. HP: 24/62 MP: 6/6
  3024 | D:3      | Found a shadowy altar of Dithmenos.
  3025 | D:3      | Found a shimmering altar of Xom.
  3119 | D:4      | Found a sand-covered staircase.
  3131 | Ossuary  | Entered an ossuary
  3334 | Ossuary  | Reached skill level 5 in Dodging
  3750 | D:4      | Found Zot Apnu's Magic Scroll Shoppe.
  3803 | D:4      | Found a radiant altar of Vehumet.
  4050 | D:4      | Found a staircase to the Ecumenical Temple.
  4077 | D:4      | Reached XP level 8. HP: 71/71 MP: 7/7
  4306 | D:5      | Entered Level 5 of the Dungeon
  4316 | D:5      | Reached **** piety under Trog
  4322 | D:5      | Noticed Menkaure
  4330 | D:5      | Killed Menkaure
  4653 | D:5      | Noticed Duvessa
  4653 | D:5      | Noticed Dowan
  4663 | D:5      | Killed Duvessa
  4664 | D:5      | Killed Dowan
  4705 | D:5      | Found a sparkling altar of Nemelex Xobeh.
  5533 | D:5      | Noticed Sigmund
  5568 | D:5      | Killed Sigmund
  5851 | D:6      | Found a deep blue altar of Sif Muna.
  5917 | D:6      | Reached XP level 9. HP: 71/81 MP: 8/8
  6039 | D:6      | Found Yzoaw's Food Shoppe.
  6085 | D:6      | Found an ancient bone altar of Kikubaaqudgha.
  6085 | D:6      | Found a blossoming altar of Fedhas.
  6581 | D:6      | Found a blossoming altar of Fedhas.
  6747 | D:7      | Found a bloodstained altar of Trog.
  6807 | D:7      | Noticed Prince Ribbit
  7136 | D:7      | Found a white marble altar of Elyvilon.
  7158 | D:7      | Found an oddly glowing altar of Pakellas.
  7559 | D:7      | Found a glowing golden altar of the Shining One.
  8162 | D:8      | Reached ***** piety under Trog
  9064 | D:9      | Killed Prince Ribbit
  9064 | D:9      | Reached XP level 10. HP: 74/91 MP: 9/9
  9237 | D:9      | Reached skill level 1 in Bows
  9468 | D:9      | Received a gift from Trog
  9496 | D:8      | HP: 4/93 [soldier ant (5)]
  9501 | D:8      | HP: 2/93 [poisoned by a soldier ant]
  9841 | D:9      | Reached skill level 10 in Polearms
 10203 | D:9      | Reached skill level 10 in Fighting
 10789 | D:9      | Found an iron altar of Okawaru.
 10910 | D:9      | Noticed a queen ant
 10922 | D:9      | Killed a queen ant
 10951 | D:9      | Slain by a soldier ant

Skill      XL: |  1  2  3  4  5  6  7  8  9 10 |
---------------+-------------------------------+-----
Polearms       | 4 5 6 7 9 10 | 10.9
Armour         | 3 4 5 7 8 9 |  9.7
Fighting       | 4 5 6 8 9 10 | 10.3
Dodging        | 3 4 5 6 8 9 |  9.2
Bows           | 4 |  4.3

Action                   |  1- 3 |  4- 6 |  7- 9 | 10-12 || total
-------------------------+-------+-------+-------+-------++-------
Melee: Spear             |   114 |   141 |   165 |       ||   420
       Headbutt          |     8 |    29 |    93 |    50 ||   180
       Trident           |       |       |   276 |   228 ||   504
 Fire: Shortbow          |       |       |    67 |    10 ||    77
Invok: Berserk           |       |     2 |     4 |     4 ||    10
       Trog's Hand       |       |       |       |     2 ||     2
  Use: Scroll            |       |       |     7 |       ||     7
 Stab: Sleeping          |     1 |       |       |       ||     1
       Distracted        |       |     1 |       |       ||     1
  Eat: Chunk             |     1 |     7 |    28 |     9 ||    45
       Beef jerky        |       |       |     1 |       ||     1
       Royal jelly       |       |       |     1 |       ||     1
       Meat ration       |       |       |     1 |       ||     1
Armor: Animal skin       |     4 |       |       |       ||     4
       Scale mail        |    31 |    29 |   104 |    51 ||   215
Dodge: Dodged            |    43 |    37 |   198 |   109 ||   387
